 Dungeon Crawl Stone Soup version 0.24.0-125-gc4c63601f3 (webtiles) character file.

Game seed: 586937195237605096, levelgen mode: deterministic

535 Johnny the Chiller (level 7, 50/50 HPs)
             Began as a Grey Draconian Ice Elementalist on Feb 17, 2020.
             Was a Follower of Vehumet.
             Got out of the dungeon alive.
             The game lasted 00:05:16 (4517 turns).

Johnny the Chiller (DrIE)                           Turns: 4517, Time: 00:05:17

Health: 50/50      AC: 14    Str: 11    XL:     7   Next: 4%
Magic:  14/14      EV: 12    Int: 17    God:    Vehumet [*.....]
Gold:   98         SH:  0    Dex: 11    Spells: 11/16 levels left

rFire    + . .     SeeInvis .   y - +1 dagger (elec)
rCold    . . .     Gourm    .   (no shield)
rNeg     . . .     Faith    .   (armour unavailable)
rPois    .         Spirit   +   (helmet restricted)
rElec    .         Reflect  .   i - scarf {Spirit}
rCorr    .         Harm     .   t - +0 pair of gloves
MR       .....                  s - +1 pair of boots
Stlth    ++........             f - amulet of the acrobat
HPRegen  0.16/turn              c - ring of protection from fire
MPRegen  0.14/turn              (no ring)

@: no status effects
A: walk through water, unfitting armour, unbreathing, cold-blooded, AC +11
a: Renounce Religion


You escaped.
You worshipped Vehumet.
Vehumet was aware of your devotion.
You were not hungry.

You visited 2 branches of the dungeon, and saw 5 of its levels.
You also visited: Sewer.

You collected 163 gold pieces.
You spent 65 gold pieces at shops.

Inventory:

Hand Weapons
 o - a +2 falchion of electrocution
 y - a +1 dagger of electrocution (weapon)
Armour
 i - a scarf of spirit shield (worn)
 s - a +1 pair of boots (worn)
 t - a +0 pair of gloves (worn)
Jewellery
 c - a ring of protection from fire (left hand)
 f - an amulet of the acrobat (around neck)
Wands
 h - a wand of polymorph (5)
Scrolls
 d - 5 scrolls of remove curse
 g - a scroll of magic mapping
 l - 2 scrolls of amnesia {unknown}
 w - 3 scrolls of teleportation {unknown}
Potions
 a - 2 potions of might
 e - a potion of curing
 j - a potion of ambrosia
 k - a potion of haste {unknown}
 m - a potion of cancellation {unknown}
 n - a potion of lignification {unknown}
 p - a potion of resistance {unknown}
 q - 3 potions of agility {unknown}
 r - a potion of mutation {unknown}
 u - a potion of brilliance {unknown}
 v - a potion of heal wounds
 x - 3 potions of flight
 z - a potion of invisibility {unknown}
 A - a potion of degeneration {unknown}
 C - a potion of magic {unknown}
Comestibles
 b - 4 rations


   Skills:
 - Level 1.7 Dodging
 - Level 1.7 Stealth
 + Level 5.1 Spellcasting
 - Level 1.0 Conjurations
 + Level 6.1 Ice Magic


You had 11 spell levels left.
You knew the following spells:

 Your Spells              Type           Power        Failure   Level  Hunger
a - Freeze                Ice            ####         1%          1    None
b - Throw Icicle          Conj/Ice       ###.....     32%         4    ####...

Your spell library contained the following spells:

 Spells                   Type           Power        Failure   Level  Hunger
 Sandblast                Erth           #.....       14%         1    None
 Throw Frost              Conj/Ice       ###...       4%          2    #......
 Shock                    Conj/Air       #...         12%         1    None
 Ozocubu's Armour         Chrm/Ice       ##......     12%         3    ###....
 Swiftness                Chrm/Air       #.......     22%         2    #......
 Static Discharge         Conj/Air       #.......     34%         3    ###....
 Summon Ice Beast         Ice/Summ       ##......     36%         4    ####...
 Airstrike                Air            #.........   80%         4    ####...
 Lightning Bolt           Conj/Air       #.........   97%         5    ######.


Dungeon Overview and Level Annotations

Branches:
Dungeon (4/15)             Temple (1/1) D:4           Sewer (visited)

Altars:
Ashenzari
Dithmenos
Elyvilon
Fedhas
Gozag
Hepliaklqana
Kikubaaqudgha
Nemelex Xobeh
Okawaru
Qazlal
Sif Muna
Trog
Uskayaw
Vehumet
Xom
Zin
The Shining One

Shops:
D:4 !


Innate Abilities, Weirdness & Mutations

You can walk through water.
Your dull iron-grey scales are very hard. (AC +11)
You cannot fit into any form of body armour.
You can survive without breathing.
You are cold-blooded and may be slowed by cold attacks.


Message History

a +0 club; a +0 short sword; an orc skeleton; a hobgoblin skeleton Eating one of 4 chunks of flesh.
You eat one of the 4 chunks of flesh.
This raw flesh tastes terrible.
There is a stone staircase leading up here.
You climb upwards.
There is a stone staircase leading down here.
Things that are here:
a +0 dagger; a +0 club; a +0 dagger Some of the chunks of flesh in your inventory have rotted away.
There is a stone staircase leading up here.
You climb upwards.
There is a stone staircase leading down here.
There is an open door here.
All of the chunks of flesh in your inventory have rotted away.
You see here 17 stones.
There is a staircase leading out of the dungeon here.
Are you sure you want to leave the Dungeon?
This will make you lose the game! [Y]es or [N]o only, please.
Are you sure you want to leave the Dungeon?
This will make you lose the game!
You have escaped!

.### #.##.######.#.......#. ...#
#.##........#'#######. ...#
#.##########...## ## ...# #.###
##.....## ...# #.#.## ##.......##
#
...#########....####.......(.####
................(..'.........+...
..##########...♣♣♣.♣♣♣♣♣.....####
.## #.#.♣@♣.....♣....## # .#
#.##♣.PPPPP.♣...## ## #.#
♣.P≈≈≈P.♣..## #.# ♣.P≈8≈P.♣+##
#.# ♣.P≈≈≈P.♣.# #.# ♣.PPPPP.♣.#
#.# ♣.......♣.###### #.#
♣♣♣♣♣♣♣♣♣......#
#.########......##.#


There were no monsters in sight!

Vanquished Creatures
  An orc priest (D:3)
  An orc wizard (D:3)
  A bullfrog skeleton (D:4)
  An iguana (D:4)
  Natasha (thrice) (D:2)
  4 worker ants
  Robin (D:2)
  5 gnolls (D:3)
  4 adders (D:2)
  2 river rats (D:4)
  3 oozes
  6 worms
  2 dart slugs
  2 leopard geckos
  4 orcs
  3 ball pythons
  11 giant cockroaches
  12 goblins
  9 hobgoblins
  4 jackals (Sewer)
  2 kobolds
  2 quokkas
  19 bats
  4 frilled lizards
  A quokka skeleton (D:4)
  13 rats
120 creatures vanquished.

Notes
Turn   | Place    | Note
-------+----------+-------------------------------------------
     0 | D:1      | Johnny the Draconian Ice Elementalist began the quest for
                  | the Orb.
     0 | D:1      | Reached XP level 1. HP: 14/14 MP: 3/3
   451 | D:1      | Reached XP level 2. HP: 12/20 MP: 3/5
  1339 | D:2      | Reached XP level 3. HP: 18/26 MP: 2/7
  1441 | D:2      | Noticed Robin
  1589 | D:2      | Noticed Natasha
  1597 | D:2      | Killed Natasha
  1597 | D:2      | Reached skill level 4 in Ice Magic
  1600 | D:2      | Reached XP level 4. HP: 16/33 MP: 1/8
  1752 | D:2      | Learned a level 4 spell: Throw Icicle
  1800 | D:2      | Killed Robin
  2046 | D:2      | Noticed Natasha
  2052 | D:2      | Killed Natasha
  2052 | D:2      | Reached XP level 5. HP: 29/38 MP: 10/10
  2201 | D:2      | Noticed Natasha
  2310 | D:2      | Killed Natasha
  2682 | D:3      | Reached skill level 5 in Ice Magic
  2740 | D:3      | Found a hide-covered altar of Uskayaw.
  2772 | D:4      | Reached XP level 6. HP: 38/45 MP: 8/12
  2784 | D:4      | Found a staircase to the Ecumenical Temple.
  2798 | Temple   | Entered the Ecumenical Temple
  2841 | Temple   | Became a worshipper of Vehumet
  2901 | D:4      | Found a glowing golden altar of the Shining One.
  2905 | D:4      | Found Gaixeg's Distillery.
  2914 | D:4      | Bought a potion of heal wounds for 65 gold pieces
  3152 | D:4      | Found a glowing drain.
  3175 | Sewer    | Entered a sewer
  3328 | Sewer    | Reached * piety under Vehumet
  3328 | Sewer    | Offered knowledge of Sandblast by Vehumet.
  4206 | D:3      | Reached skill level 5 in Spellcasting
  4206 | D:3      | Reached skill level 6 in Ice Magic
  4211 | D:3      | Your scales start taking on a dull iron-grey colour.
  4211 | D:3      | Reached XP level 7. HP: 33/50 MP: 3/14
  4211 | D:3      | Gained mutation: You can survive without breathing. [Grey
                  | Draconian growth]
  4517 | D:$      | Got out of the dungeon alive.

Levels and vault maps discovered:
D:1:      tarquinn_simple_flora_water_a, layout_loops_corners,
          minmay_tetromino_l2
D:2:      layout_basic, uniq_natasha, uniq_robin
D:3:      layout_basic, nicolae_overflow_crystal_walls,
          eat_drink_and_be_merry_uskayaw
D:4:      layout_basic, nicolae_overflow_hidden_temple,
          minmay_temple_entry_waves, portal_sewer_entry_b, serial_shops,
          nicolae_shop_temple_entry_statues_fountains
Temple:   eino_wide_crystal_templ

Skill      XL: |  1  2  3  4  5  6 |
---------------+-------------------+-----
Spellcasting   | 3 4 5 |  5.1
Ice Magic      | 4 5 6 |  6.1
Dodging        | |  1.7
Stealth        | |  1.7
Conjurations   | |  1.0

Action                   |  1- 3 |  4- 6 |  7- 9 || total
-------------------------+-------+-------+-------++-------
Melee: Unarmed           |   133 |    19 |       ||   152
       Tailslap          |    13 |    12 |       ||    25
       Falchion          |       |   135 |       ||   135
 Cast: Freeze            |    20 |    64 |     6 ||    90
       Throw Icicle      |       |     2 |       ||     2
  Use: Scroll            |       |     6 |       ||     6
       Potion            |       |     3 |       ||     3
 Stab: Sleeping          |     4 |     7 |       ||    11
  Eat: Chunk             |     2 |     9 |     2 ||    13
Armor: Skin              |    64 |    64 |       ||   128
Dodge: Dodged            |   148 |   162 |     3 ||   313
       Rpst.: Falchion   |       |    44 |     1 ||    45
